 Dungeon Crawl Stone Soup version 0.30-a0-1075-gcd70e7a56d (webtiles) character file.

Game seed: 14372403885859892391

95171 bmack86 the Severer (level 15, -23/147 HPs)
             Began as a Minotaur Fighter on Apr 15, 2023.
             Was the Champion of Okawaru.
             Annihilated by Bukydon's ghost (27 damage)
             ... on level 14 of the Dungeon.
             The game lasted 01:08:19 (22597 turns).

bmack86 the Severer (Minotaur Fighter)             Turns: 22597, Time: 01:08:19

Health: -23/147    AC: 28    Str: 28    XL:     15   Next: 65%
Magic:  21/21      EV:  7    Int: 11    God:    Okawaru [******]
Gold:   882        SH: 19    Dex: 16    Spells: 14/14 levels left

rFire   + + +      SeeInvis +    o - +4 war axe (elec)
rCold   + . .      Faith    .    b - +0 tower shield of Fresh Beauty {Harm Int+3}
rNeg    . . .      Spirit   .    V - +8 chain mail of the Bard {Dex+6}
rPois   +          Reflect  .    J - +0 hat of Polytheism {rElec rF+++ rC+ Int-3}
rElec   +          Rampage  .    n - +2 cloak {rPois}
rCorr   .          Harm     + .  A - +2 pair of gloves
Will    +....                    (no boots) Stlth
                                 S - amulet of regeneration
HPRegen 1.24/turn                Y - ring of see invisible
MPRegen 0.17/turn                X - +6 ring of intelligence

@: mesmerised, studying Earth Magic
A: horns 2, retaliatory headbutt
a: Renounce Religion, Heroism, Finesse, Duel


You were on level 14 of the Dungeon.
You worshipped Okawaru.
Okawaru was exalted by your worship.
You visited 3 branches of the dungeon, and saw 21 of its levels.
You also visited: Ossuary, Ice Cave and Volcano.

You collected 1806 gold pieces.
You spent 924 gold pieces at shops.

Inventory:

Hand Weapons
 o - a +4 war axe of electrocution (weapon)
 t - a +3 hand axe of flaming
 H - the +12 hand axe of Qeplitz {heavy, rElec Int+2}
   (Okawaru gifted it to you on level 15 of the Dungeon)

   Int:       It affects your intelligence (+2).
   rElec:     It insulates you from electricity.
 M - a +3 heavy broad axe
Missiles
 d - a throwing net
 j - 4 poisoned darts
 q - 13 silver javelins
 y - a silver boomerang
 C - 17 javelins
 Q - 3 boomerangs (quivered)
Armour
 b - the +0 tower shield of Fresh Beauty (worn) {Harm Int+3}
   (Okawaru gifted it to you on level 2 of the Lair of Beasts)

   Int:       It affects your intelligence (+3).
   Harm:      It increases damage dealt and taken.
 n - a +2 cloak of poison resistance (worn)
 A - a +2 pair of gloves (worn)
 E - a +2 kite shield
 J - the +0 hat of Polytheism (worn) {rElec rF+++ rC+ Int-3}
   (You acquired it in an ossuary)

   Int:       It affects your intelligence (-3).
   rF:        It renders you almost immune to fire.
   rC:        It protects you from cold.
   rElec:     It insulates you from electricity.
 U - a +1 tower shield
 V - the +8 chain mail of the Bard (worn) {Dex+6}
   (You found it on level 13 of the Dungeon)

   Dex:       It affects your dexterity (+6).
 W - a +2 plate armour of fire resistance
Jewellery
 e - an amulet of guardian spirit
 p - a ring of wizardry
 B - an amulet of magic regeneration
 K - a ring of ice
 L - a ring of magical power
 S - an amulet of regeneration (around neck)
 X - a +6 ring of intelligence (right hand)
 Y - a ring of see invisible (left hand)
Wands
 a - a wand of digging (4)
 f - a wand of quicksilver (4)
 g - a wand of iceblast (5)
 l - a wand of polymorph (4)
Scrolls
 u - 2 scrolls of fear
 v - a scroll of magic mapping
 w - 3 scrolls of fog
 x - 5 scrolls of teleportation
 F - a scroll of torment
 G - a scroll of silence
 P - 2 scrolls of blinking
 R - 5 scrolls of identify
 T - 7 scrolls of poison
Potions
 c - 4 potions of cancellation
 h - a potion of might
 i - 5 potions of curing
 k - 9 potions of haste
 m - 5 potions of magic
 r - 4 potions of brilliance
 s - 4 potions of heal wounds
 z - 2 potions of ambrosia
 D - 3 potions of resistance
 I - 3 potions of flight
 N - 2 potions of invisibility
 O - a potion of berserk rage


   Skills:
 + Level 17.3 Fighting
 - Level 18.0 Axes
 - Level 10.0 Throwing
 + Level 14.3 Armour
 + Level 14.1 Shields
 + Level 10.2 Invocations


You had 14 spell levels left.
You didn't know any spells.
Your spell library contained the following spells:

 Spells                   Type           Power      Damage    Failure   Level
 Beastly Appendage        Tmut           0%         N/A       99%         1
 Foxfire                  Conj/Fire      0%         2x1d4     99%         1
 Kiss of Death            Conj/Necr      0%         2d5       99%         1
 Magic Dart               Conj           0%         1d3       99%         1
 Shock                    Conj/Air       0%         1d3       99%         1
 Cigotuvi's Dreadful Rot  Necr/Pois/Air  0%         N/A       100%        2
 Wereblood                Tmut           0%         N/A       100%        2
 Confusing Touch          Hex            0%         N/A       100%        3
 Mephitic Cloud           Conj/Pois/Air  0%         N/A       100%        3
 Spider Form              Tmut/Pois      0%         N/A       100%        3
 Swiftness                Air            0%         N/A       100%        3
 Airstrike                Air            0%         2d(0-16)  100%        4
 Dispel Undead            Necr           0%         3d6       100%        4
 Leda's Liquefaction      Hex/Erth       0%         N/A       100%        4
 Petrify                  Tmut/Erth      0%         N/A       100%        4
 Borgnjor's Vile Clutch   Necr/Erth      0%         N/A       100%        5
 Fireball                 Conj/Fire      0%         3d3       100%        5
 Lee's Rapid Deconstruct  Erth           0%         3d4*      100%        5
 Metabolic Englaciation   Hex/Ice        0%         N/A       100%        5
 Plasma Beam              Fire/Air       0%         2x1d11    100%        6
 Starburst                Conj/Fire      0%         6d3       100%        6
 Statue Form              Tmut/Erth      0%         N/A       100%        6
 Call Imp                 Summ           Unusable   N/A       N/A         2
 Animate Dead             Necr           Unusable   N/A       N/A         4
 Death Channel            Necr           Unusable   N/A       N/A         6

Dungeon Overview and Level Annotations

Branches:
Dungeon (15/15) Temple (1/1) D:7 Lair (5/5) D:9 Shoals (0/4) Lair:2 Snake (0/4) Lair:2 Slime (0/5) Lair:4 Orc (0/2) D:12 Vaults (0/5) D:13 D:14 Depths (0/4) D:15 Ossuary (visited) IceCv (visited) Volcano (visited)

Altars:
Ashenzari
Cheibriados
Dithmenos
Elyvilon
Fedhas
Gozag
Hepliaklqana
Kikubaaqudgha
Makhleb
Nemelex Xobeh
Okawaru
Qazlal
Ru
Sif Muna
Trog
Uskayaw
Vehumet
Wu Jian
Xom
Yredelemnul
Zin
The Shining One
Lugonu

Shops:
D:1 (**   D:5 !(*:?   D:9 *(   D:14 *

Portals:
Abyss: Lair:5
Trove: D:15 (give +2 shadow dragon scales)

Annotations:
D:5 3 runed translucent doors, gelatine's ghost, novice DsFi
D:14 exclusion: obsidian statue, Bukydon's ghost, journeyman MiFi


Innate Abilities, Weirdness & Mutations

You have a pair of horns on your head.
You reflexively headbutt those who attack you in melee.


Message History

Okawaru accepts your kill.
You hit Bukydon's ghost but do no damage.
You hit the war gargoyle but do no damage.
The tengu conjurer points at you and mumbles some strange words.
The bolt of lightning hits you. You resist.
* * * LOW HITPOINT WARNING * * *
You block the war gargoyle's attack.
The boulder beetle is engulfed in blazing flames.
You block Bukydon's ghost's attack.
You slash the smoke demon!
Lightning courses through the smoke demon!
You headbutt the smoke demon, but do no damage.
The smoke demon is almost dead.
You hit Bukydon's ghost but do no damage.
Lightning courses through Bukydon's ghost!
You hit the war gargoyle but do no damage.
The crimson imp grins evilly.
The war gargoyle hits you but does no damage.
The smoke demon gestures at you. The ball of steam hits you. You resist.
* * * LOW HITPOINT WARNING * * *
The tengu conjurer gestures wildly while chanting.
The tengu conjurer blinks!
The boulder beetle is engulfed in blazing flames.
The obsidian statue's eyes glow briefly.
The obsidian statue attempts to bespell you!
You are mesmerised by the obsidian statue!
You block Bukydon's ghost's attack.
You barely miss the smoke demon. You headbutt the smoke demon.
You kill the smoke demon!
The smoke demon disappears in a puff of smoke!
You slash Bukydon's ghost!
Lightning courses through Bukydon's ghost!
You hit the war gargoyle but do no damage.
You block the war gargoyle's attack.
You closely miss the quasit.
You hit Bukydon's ghost but do no damage.
You hit the war gargoyle but do no damage.
You block the war gargoyle's attack. Bukydon's ghost hits you!!
You die...

#..........# #................#
#..........########......[......
######.######.8∩8.##...........#
####.#####∩$$..$∩#...........#
#........#8$$8$$8##...........
#......[.#.$$5$$.#...<........
#........##$5R5$##?..........#
#.........##9BW#####........##
#........#..§@§*.##..........#
#........#...§§.)##..........#
#........####§###............#
####.##### #)....#.Q........#
#.## #####.#........... #..#
##.##.........# ##.#
##..###..[)..... #.# #####..##
####....[. #####.#####.....##
####).####


You could see a boulder beetle, an obsidian statue (mesmerising), a war
gargoyle, an efreet, a tengu conjurer (empowered), a quasit (summoned), a
battlesphere, Bukydon's ghost, a crimson imp (summoned) and an ufetubus
(summoned).

Vanquished Creatures
  Rupert (D:13)
  An Ice Fiend (IceCv)
  Roxanne (D:15)
  A stone giant (D:15)
  Nessos (D:13)
  A red draconian (Volcano)
  Snorg (Lair:4)
  The ghost of Cetwoggev the Blocker, a journeyman FoFi of Okawaru (D:12)
  Josephine (D:11)
  5 hydras
  2 catoblepae
  Erica (D:11)
  2 death knights
  6 centaur warriors
  2 boulder beetles (D:10)
  4 two-headed ogres
  4 death yaks (Lair:2)
  2 thrashing horrors (Lair:5)
  Nergalle (D:11)
  A skyshark (Lair:5)
  A salamander mystic (Volcano)
  A deep troll (D:15)
  11 skeletal warriors
  2 obsidian statues (IceCv)
  A wizard (D:15)
  2 bog bodies (IceCv)
  A necromancer (D:15)
  An orc knight (D:13)
  A spriggan simulacrum (IceCv)
  5 deep elf pyromancers
  17 ugly things
  Pikel (D:7)
  2 manticores (D:13)
  A deep elf zephyrmancer (D:15)
  An orc sorcerer (D:15)
  6 cyclopes
  2 molten gargoyles (Volcano)
  8 black mambas
  A merfolk siren (Lair:2)
  A smoke demon (Lair:5)
  A torpor snail (Lair:3)
  2 gargoyles (Volcano)
  Maggie (D:7)
  8 cane toads
  2 unseen horrors
  A kobold demonologist (D:11)
  An efreet (Volcano)
  6 freezing wraiths
  2 tengu conjurers (D:13)
  3 rime drakes
  8 komodo dragons
  2 ancient zymes (Lair:5)
  A golden dragon simulacrum (IceCv)
  2 trolls
  3 meliai (D:14)
  3 polar bears
  A hornet (D:8)
  Grinder (D:6)
  15 blink frogs
  A wolf spider simulacrum (D:12)
  A raiju (shapeshifter) (Lair:5)
  A spectral meliai (D:12)
  Prince Ribbit (D:8)
  6 centaur simulacra (D:12)
  13 slime creatures
  11 wyverns
  2 shadows
  6 water elementals (D:15)
  A dire elephant simulacrum (IceCv)
  10 wraiths
  6 basilisks
  33 yaks
  16 humans (D:13)
  4 steam dragons
  2 large abominations (Lair:5)
  A minotaur simulacrum (IceCv)
  4 chaos spawn (Lair:5)
  6 vampire mosquitoes
  Edmund (D:4)
  An acid dragon (D:9)
  Duvessa (D:6)
  2 hydra simulacra (IceCv)
  25 water moccasins
  6 orc warriors
  4 ice beasts (D:9)
  A sky beast (D:7)
  8 ettin simulacra (IceCv)
  An alligator simulacrum (IceCv)
  2 black bears
  3 ogres
  4 wolves (D:9)
  8 centaurs
  A phantom (D:4)
  7 bullfrogs
  8 small abominations (Lair:5)
  6 gnoll sergeants
  3 scorpions
  4 wights
  A deep troll simulacrum (IceCv)
  Dowan (D:5)
  11 killer bees
  4 electric eels
  4 howler monkeys
  2 centaur zombies (Ossuary)
  3 jellies
  A human zombie (Ossuary)
  3 orc priests
  2 hounds (D:5)
  3 iron imps (D:9)
  2 sleepcaps
  Natasha (twice) (D:2)
  Terence (D:2)
  2 iguanas
  6 orc wizards
  5 mummies
  20 gnolls
  9 adders
  A shadow imp (D:5)
  3 worms (D:2)
  2 dart slugs
  48 orcs
  4 ball pythons
  4 endoplasms
  3 giant cockroaches
  7 goblins
  6 hobgoblins
  4 quokkas
  7 bats
  2 frilled lizards
  2 goblin zombies (Ossuary)
  2 hobgoblin zombies (Ossuary)
  5 kobolds
  A kobold zombie (Ossuary)
  6 rats
578 creatures vanquished.

Vanquished Creatures (others)
  25 fungi
  69 plants
94 creatures vanquished.

Grand Total: 672 creatures vanquished

Notes
Turn   | Place    | Note
-------+----------+-------------------------------------------
     0 | D:1      | bmack86 the Minotaur Fighter began the quest for the Orb.
     0 | D:1      | Reached XP level 1. HP: 19/19 MP: 0/0
    49 | D:1      | You fall into a shaft and drop 1 floor!
    95 | D:2      | Found a basalt altar of Yredelemnul.
   119 | D:2      | Reached XP level 2. HP: 27/27 MP: 1/1
   127 | D:2      | Reached skill level 3 in Axes
   146 | D:2      | Reached XP level 3. HP: 27/33 MP: 2/2
   383 | D:1      | Found Xakiec's Assorted Antiques.
   565 | D:1      | Found Ibir's General Store.
   570 | D:1      | Bought a scroll of identify for 24 gold pieces
   613 | D:1      | Found Junopu's Weapon Shop.
   680 | D:1      | Found Gaacell's Assorted Antiques.
   969 | D:2      | Reached XP level 4. HP: 22/40 MP: 3/3
  1195 | D:2      | Found a faded altar of an unknown god.
  1230 | D:2      | Noticed Natasha
  1267 | D:2      | Noticed Terence
  1273 | D:2      | Killed Terence
  1274 | D:2      | Reached skill level 4 in Axes
  1397 | D:2      | Killed Natasha
  1398 | D:2      | Reached skill level 1 in Throwing
  1701 | D:2      | Noticed Natasha
  1709 | D:2      | Killed Natasha
  1710 | D:2      | Reached XP level 5. HP: 30/47 MP: 4/4
  1837 | D:3      | Found a snail-covered altar of Cheibriados.
  1837 | D:3      | Found a basalt altar of Yredelemnul.
  1989 | D:3      | Found a glowing silver altar of Zin.
  2386 | D:3      | Identified the +0 leather armour "Mina" {*Corrode Int+5}
  2651 | D:4      | Noticed a phantom
  2665 | D:4      | Killed a phantom
  2666 | D:4      | Reached skill level 5 in Axes
  2666 | D:4      | Reached XP level 6. HP: 49/53 MP: 5/5
  2903 | D:4      | Noticed Edmund
  2916 | D:4      | Killed Edmund
  2917 | D:4      | Reached skill level 5 in Fighting
  3047 | D:4      | Reached skill level 5 in Armour
  3050 | D:4      | Reached skill level 5 in Shields
  3524 | D:4      | Found an ornate altar of the Wu Jian Council.
  3613 | D:5      | Entered Level 5 of the Dungeon
  3621 | D:5      | Found Zuhoneqe's Magic Scroll Boutique.
  3631 | D:5      | Bought a scroll of enchant weapon for 112 gold pieces
  3631 | D:5      | Bought a scroll of magic mapping for 112 gold pieces
  3661 | D:5      | Found a bloodstained altar of Trog.
  3729 | D:5      | Found a runed translucent gate.
  3730 | D:5      | Found a runed translucent gate.
  3730 | D:5      | Found a runed translucent gate.
  3731 | D:5      | Noticed gelatine's ghost (novice DsFi)
  3743 | D:5      | Found Gobergh's Assorted Antiques.
  3781 | D:5      | Reached XP level 7. HP: 17/61 MP: 6/6
  3790 | D:5      | Reached skill level 6 in Axes
  3962 | D:5      | Found Irodwaem's Antique Weapon Boutique.
  3998 | D:5      | Found Gyoq's Distillery.
  4043 | D:5      | Found a hide-covered altar of Uskayaw.
  4045 | D:5      | Found Iserchioxt's Book Boutique.
  4186 | D:5      | Reached XP level 8. HP: 29/70 MP: 7/7
  4422 | D:5      | Reached skill level 7 in Axes
  4540 | D:6      | Noticed Dowan
  4541 | D:6      | Noticed Duvessa
  4548 | D:6      | Killed Duvessa
  4558 | D:5      | Killed Dowan
  4792 | D:6      | Reached skill level 8 in Axes
  5003 | D:6      | Reached XP level 9. HP: 27/78 MP: 8/8
  5424 | D:6      | Reached skill level 9 in Axes
  5569 | D:6      | Noticed Grinder
  5580 | D:6      | Killed Grinder
  5833 | D:7      | Noticed Pikel
  5837 | D:7      | Killed Pikel
  5838 | D:7      | Reached skill level 5 in Throwing
  5941 | D:7      | Noticed Maggie
  5957 | D:7      | Killed Maggie
  5958 | D:7      | Reached skill level 10 in Axes
  6099 | D:7      | Identified the +0 robe "Tifier Tamu" {Dex+7}
  6182 | D:7      | Reached XP level 10. HP: 53/88 MP: 9/9
  6559 | D:7      | Found a staircase to the Ecumenical Temple.
  6569 | Temple   | Entered the Ecumenical Temple
  6655 | Temple   | Became a worshipper of Warmaster Okawaru
  7058 | D:8      | Found a sand-covered staircase.
  7066 | Ossuary  | Entered an ossuary
  7289 | Ossuary  | Identified a scroll of acquirement
  7289 | Ossuary  | Acquired the +0 hat of Polytheism {rElec rF+++ rC+ Int-3}
  7368 | D:8      | Noticed Prince Ribbit
  7382 | D:8      | Killed Prince Ribbit
  7524 | D:8      | Reached skill level 1 in Invocations
  7684 | D:8      | Reached * piety under Okawaru
  7685 | D:8      | Reached skill level 11 in Axes
  7979 | D:8      | Found a sparkling altar of Nemelex Xobeh.
  7982 | D:8      | Found a radiant altar of Vehumet.
  7987 | D:8      | Found a shadowy altar of Dithmenos.
  7997 | D:8      | Found a glowing golden altar of the Shining One.
  7997 | D:8      | Found a white marble altar of Elyvilon.
  8001 | D:8      | Found an opulent altar of Gozag.
  8005 | D:8      | Found a stormy altar of Qazlal.
  8218 | D:9      | Reached ** piety under Okawaru
  8320 | D:9      | Reached XP level 11. HP: 88/95 MP: 7/12
  8326 | D:9      | Reached skill level 12 in Axes
  8361 | D:9      | Found a staircase to the Lair.
  8397 | D:9      | Acquired a manual of Fighting
  8450 | D:9      | Found a burning altar of Makhleb.
  8672 | D:9      | Found a shimmering blue altar of Sif Muna.
  8734 | D:9      | Found Bof Odiu's General Store.
  8736 | D:9      | Found Icvuw's Antique Weapon Shop.
  8747 | D:9      | Bought a glowing broad axe for 182 gold pieces
  8829 | D:10     | Entered Level 10 of the Dungeon
  8841 | D:10     | Noticed a catoblepas
  8841 | D:10     | Found the +6 shillelagh "Devastator" {shatter}
  8842 | D:10     | Noticed a boulder beetle
  8905 | D:9      | Killed a catoblepas
  8905 | D:9      | Reached *** piety under Okawaru
  9302 | D:10     | Killed a boulder beetle
  9582 | D:10     | Noticed a two-headed ogre
  9592 | D:10     | Killed a two-headed ogre
  9696 | D:10     | Found a shimmering altar of Xom.
  9699 | D:10     | Noticed a two-headed ogre
  9705 | D:10     | Killed a two-headed ogre
  9706 | D:10     | Reached skill level 10 in Fighting
  9707 | D:10     | Noticed a boulder beetle
  9725 | D:10     | Killed a boulder beetle
  9725 | D:10     | Reached **** piety under Okawaru
  9993 | D:10     | Reached skill level 13 in Axes
 10302 | D:10     | Noticed a lindwurm
 10302 | D:10     | Noticed a lindwurm
 10309 | D:10     | Noticed a lindwurm
 10332 | D:10     | Noticed a lindwurm
 10412 | D:11     | Noticed Josephine
 10417 | D:11     | Received a gift from Okawaru
 10422 | D:11     | Reached skill level 10 in Armour
 10427 | D:11     | Killed Josephine
 10443 | D:11     | Reached skill level 10 in Shields
 10447 | D:11     | Received a gift from Okawaru
 10608 | D:11     | Noticed Nergalle
 10628 | D:11     | Killed Nergalle
 10629 | D:11     | Reached XP level 12. HP: 57/103 MP: 9/14
 10631 | D:11     | Noticed a two-headed ogre
 10640 | D:11     | Killed a two-headed ogre
 10815 | D:11     | Identified the +9 spear of Cobwebs {pain, rCorr Dex+2}
 10910 | D:11     | Received a gift from Okawaru
 10952 | D:11     | Reached skill level 5 in Invocations
 11238 | D:11     | Received a gift from Okawaru
 11395 | D:11     | Reached ***** piety under Okawaru
 11396 | D:11     | Reached skill level 14 in Axes
 11675 | D:11     | Noticed Erica
 11696 | D:11     | Killed Erica
 11696 | D:11     | Received a gift from Okawaru
 12045 | D:12     | Received a gift from Okawaru
 12484 | D:12     | Found a runed translucent gate.
 12484 | D:12     | Found a runed translucent gate.
 12484 | D:12     | Found a runed translucent gate.
 12484 | D:12     | Noticed Cetwoggev's ghost (journeyman FoFi)
 12742 | D:12     | Found a staircase to the Orcish Mines.
 12745 | D:12     | Received a gift from Okawaru
 12940 | D:13     | Noticed a centaur warrior
 12948 | D:13     | Killed a centaur warrior
 12980 | D:13     | Identified the +5 scale mail "Forphoj" {rElec Dex+3}
 13261 | D:13     | Reached XP level 13. HP: 119/119 MP: 16/16
 13434 | D:13     | Identified the +8 chain mail of the Bard {Dex+6}
 13462 | D:13     | Received a gift from Okawaru
 13639 | D:5      | Bought a runed plate armour for 494 gold pieces
 13744 | Lair:1   | Entered Level 1 of the Lair of Beasts
 13751 | Lair:1   | Reached skill level 15 in Axes
 13912 | Lair:1   | Received a gift from Okawaru
 14093 | Lair:1   | Received a gift from Okawaru
 14140 | Lair:1   | Found the +8 whip "Snakebite" {venom, curare, rPois}
 14738 | Lair:2   | Found a staircase to the Shoals.
 14885 | Lair:2   | Found a staircase to the Snake Pit.
 14909 | Lair:2   | Received a gift from Okawaru
 15253 | Lair:2   | Identified the +0 leather armour of Relativism {rN+ Will+
                  | Str+2}
 15345 | Lair:2   | Identified the +0 tower shield of Fresh Beauty {Harm Int+3}
                  | (Okawaru gifted it to you on level 2 of the Lair of Beasts)
 15345 | Lair:2   | Received a gift from Okawaru
 15858 | Lair:3   | Found a dark tunnel.
 15879 | Volcano  | Entered a volcano
 16031 | Volcano  | Noticed a red draconian
 16040 | Volcano  | Killed a red draconian
 16040 | Volcano  | Reached ****** piety under Okawaru
 16049 | Volcano  | Reached skill level 16 in Axes
 16066 | Volcano  | Noticed an orb of fire
 16081 | Volcano  | Noticed an orb of fire
 16619 | Lair:3   | Identified the +4 ring mail "Cuaroil" {Str+2}
 17173 | Lair:4   | Reached XP level 14. HP: 78/133 MP: 18/18
 17250 | Lair:4   | Found a staircase to the Slime Pits.
 17253 | Lair:4   | Noticed Snorg
 17263 | Lair:4   | Killed Snorg
 18198 | Lair:5   | Entered Level 5 of the Lair of Beasts
 18212 | Lair:5   | Received a gift from Okawaru
 18341 | Lair:5   | Received a gift from Okawaru
 18559 | Lair:5   | Received a gift from Okawaru
 18560 | Lair:5   | Reached skill level 15 in Fighting
 18560 | Lair:5   | Reached skill level 10 in Throwing
 19192 | Lair:5   | Received a gift from Okawaru
 19225 | Lair:5   | Reached skill level 17 in Axes
 19276 | Lair:5   | Found a corrupted altar of Lugonu.
 19276 | Lair:5   | Found a one-way gate to the infinite horrors of the Abyss.
 19638 | D:12     | Killed Cetwoggev's ghost
 19699 | D:13     | Noticed Nessos
 19720 | D:13     | Killed Nessos
 19921 | D:14     | Noticed Rupert
 19921 | D:14     | Found a gate to the Vaults.
 19936 | D:13     | Identified the +5 scale mail of the Chupacabra {rPois
                  | Will+} (Okawaru gifted it to you on level 13 of the
                  | Dungeon)
 19936 | D:13     | Received a gift from Okawaru
 19992 | D:13     | Killed Rupert
 20259 | D:14     | Reached XP level 15. HP: 101/144 MP: 20/20
 20446 | D:14     | Found a runed translucent gate.
 20446 | D:14     | Found an opulent altar of Gozag.
 20449 | D:14     | Found a runed translucent gate.
 20449 | D:14     | Found a runed translucent gate.
 20450 | D:14     | Noticed Bukydon's ghost (journeyman MiFi)
 20451 | D:14     | Found Deseci's Assorted Antiques.
 20689 | D:15     | Entered Level 15 of the Dungeon
 20697 | D:15     | Reached skill level 18 in Axes
 20722 | D:15     | Noticed Roxanne
 20767 | D:15     | Killed Roxanne
 20854 | D:15     | Found a frozen archway.
 20870 | D:15     | Identified the +12 hand axe of Qeplitz {heavy, rElec Int+2}
                  | (Okawaru gifted it to you on level 15 of the Dungeon)
 20870 | D:15     | Received a gift from Okawaru
 20904 | IceCv    | Entered an ice cave
 21442 | IceCv    | Noticed an Ice Fiend
 21451 | IceCv    | Killed an Ice Fiend
 21558 | D:15     | Identified the +1 ring mail "Sipp" {Dex+3} (Okawaru gifted
                  | it to you on level 15 of the Dungeon)
 21558 | D:15     | Received a gift from Okawaru
 21701 | D:15     | Found a staircase to the Depths.
 21854 | D:15     | Reached skill level 10 in Invocations
 22001 | D:15     | Found a huge runed gate.
 22002 | D:15     | Found a huge runed gate.
 22002 | D:15     | Found a huge runed gate.
 22002 | D:15     | Found a huge runed gate.
 22003 | D:15     | Found a huge runed gate.
 22003 | D:15     | Found a huge runed gate.
 22003 | D:15     | Found a huge runed gate.
 22003 | D:15     | Found a huge runed gate.
 22003 | D:15     | Found a huge runed gate.
 22004 | D:15     | Found a huge runed gate.
 22005 | D:15     | Found a huge runed gate.
 22006 | D:15     | Found a huge runed gate.
 22007 | D:15     | Found a huge runed gate.
 22016 | D:15     | Found a huge runed gate.
 22017 | D:15     | Found a huge runed gate.
 22019 | D:15     | Found a huge runed gate.
 22019 | D:15     | Found a huge runed gate.
 22019 | D:15     | Found a huge runed gate.
 22019 | D:15     | Found a huge runed gate.
 22019 | D:15     | Found a huge runed gate.
 22020 | D:15     | Found a huge runed gate.
 22021 | D:15     | Found a huge runed gate.
 22022 | D:15     | Found a huge runed gate.
 22023 | D:15     | Found a huge runed gate.
 22031 | D:15     | Found a huge runed gate.
 22031 | D:15     | Found a huge runed gate.
 22031 | D:15     | Found a huge runed gate.
 22031 | D:15     | Found a huge runed gate.
 22031 | D:15     | Found a huge runed gate.
 22031 | D:15     | Found a huge runed gate.
 22032 | D:15     | Found a huge runed gate.
 22033 | D:15     | Found a huge runed gate.
 22034 | D:15     | Found a huge runed gate.
 22084 | D:15     | Found a huge runed gate.
 22084 | D:15     | Found a huge runed gate.
 22084 | D:15     | Found a huge runed gate.
 22199 | D:15     | Found a portal to a secret trove of treasure.
 22495 | D:15     | Noticed an iron dragon
 22496 | D:15     | Noticed a frost giant
 22496 | D:15     | Noticed a tengu reaver
 22496 | D:15     | Noticed a frost giant
 22496 | D:15     | Noticed a tengu reaver
 22496 | D:15     | Noticed a fire giant
 22496 | D:15     | Noticed a storm dragon
 22496 | D:15     | Noticed a fire giant
 22593 | D:14     | HP: 2/147 [war gargoyle/spray of metal splinters (10)]
 22597 | D:14     | Annihilated by Bukydon's ghost

Illustrated notes

Levels and vault maps discovered:
D:1:      dpeg_arrival_short_road, layout_loops_ring, serial_shops,
          nicolae_shop_hallway_plus, nicolae_shop_advertising_works
          [nicolae_subvault_shop_adworks], nicolae_lakefront_shop,
          nicolae_shop_hallway_plus
D:2:      layout_basic, basic_altar, basic_ecumenical_altar, uniq_terence,
          uniq_natasha
D:3:      layout_basic, zin_statuary, gammafunk_temple_overflow_pools,
          minmay_stone_trees_small
D:4:      layout_layer_cave, amcnicky_altar_gilded, uniq_edmund
D:5:      layout_basic, overflow_temple_1_default, bloody_trog, serial_shops,
          shop_coins, nicolae_shop_behind_doors, shop_fountains, shop_statue,
          shop, ebering_ghost_rock_garden
D:6:      layout_loops_ring, serial_bayou_ford_a, sword_in_stone, uniq_grinder,
          uniq_duvessa
D:7:      layout_loops_ring, minmay_temple_entry_drinking_statues,
          nicolae_elevator_lobby_plus, uniq_pikel, uniq_maggie
D:8:      layout_basic, nicolae_overflow_hallway_of_the_gods,
          gup_ossuary_entry_pyramid, minmay_puff, uniq_prince_ribbit1
D:9:      layout_rooms, mainiacjoe_overflow_alcove_2, demons_altar,
          hellmonk_lair_entry_icy, serial_shops,
          nicolae_shop_overgrown_old_shop, shop
D:10:     minmay_roctagon, layout_irregular_city, mainiacjoe_overflow_chevrons,
          minmay_lindwurm_lava
D:11:     layout_irregular_city, uniq_nergalle, uniq_josephine, uniq_erica
D:12:     layout_gridville, orc_0_dummy, gammafunk_ghost_necromancy,
          nicolae_water_bricks
D:13:     layout_basic, uniq_nessos
D:14:     layout_rooms, david_vaults_3, serial_glass, glass_columns_b,
          glass_columns_a, due_unseen_surprise, ebering_ghost_gozag
D:15:     hangedman_depths_entry_civil_slaughter, layout_basic,
          minmay_strange_pillars, portal_ice_cave_entry_pillars_1,
          nicolae_trove_entry_diagonal, serial_bayou, serial_bayou_shore_a,
          serial_bayou_lake_a, serial_bayou_pond_d, serial_bayou_pond_c,
          minmay_misc_feat_tower, small_chamber_with_monster, door_vault,
          uniq_rupert, uniq_roxanne
Temple:   nicolae_temple_two_arcs
Lair:1:   minmay_guarded_unrand_snakebite, layout_small_grid
Lair:2:   layout_cave_pods, minmay_shoals_entry_lonely_mermaid,
          minmay_snake_entry_six_corridors, serial_bayou_shore_b
Lair:3:   layout_regular_city, nicolae_volcano_entry_hallway
Lair:4:   layout_cave_pods, slime_entry_1, minivault_24,
          nicolae_quartered_pool_impasse, fungi_pond_lemuel, uniq_snorg
Lair:5:   hellmonk_lair_end_abyssal_woods, layout_small_grid,
          grunt_megastairs_1, infiniplex_staircase_pool_2

Skill      XL: |  1  2  3  4  5  6  7  8  9 10 11 12 13 14 15 |
---------------+----------------------------------------------+-----
Axes           | 3 4 5 6 8 10 11 13 14 16 17 18 | 18.0
Fighting       | 4 5 6 7 8 10 12 14 16 17 | 17.3
Armour         | 4 5 6 8 9 10 11 12 13 14 | 14.3
Shields        | 4 5 6 7 9 10 11 12 13 14 | 14.1
Throwing       | 1 2 3 4 5 6 7 8 9 10 | 10.0
Invocations    | 3 4 6 7 9 10 | 10.2

Action                     |  1- 3 |  4- 6 |  7- 9 | 10-12 | 13-15 || total
---------------------------+-------+-------+-------+-------+-------++-------
  Melee: War axe           |    79 |   119 |   160 |   465 |   785 ||  1608
         Headbutt          |    12 |    12 |    34 |    98 |   251 ||   407
         Hand axe          |       |       |       |       |    37 ||    37
  Throw: Dart              |       |     1 |       |     7 |       ||     8
         Boomerang         |       |       |       |       |     1 ||     1
 Invoke: Heroism           |       |       |       |     7 |     2 ||     9
         Finesse           |       |       |       |     2 |     2 ||     4
  Evoke: Wand              |       |       |       |     4 |       ||     4
    Use: Scroll            |     2 |     8 |     2 |    20 |     9 ||    41
         Potion            |       |       |     6 |       |       ||     6
   Stab: Petrified         |       |       |       |       |     1 ||     1
 Armour: Scale mail        |    22 |       |       |       |       ||    22
         Chain mail        |    27 |     2 |       |       |   537 ||   566
         Plate armour      |       |    66 |   129 |   263 |    22 ||   480
  Dodge: Dodged            |    47 |    42 |    62 |    94 |   239 ||   484
  Block: Buckler           |    22 |    38 |    30 |       |       ||    90
         Kite shield       |       |       |    37 |   335 |   598 ||   970
         Tower shield      |       |       |       |       |   124 ||   124

Table legend: (Time is in decaauts)
 A = Elapsed time spent in this place.
 B = Non-inter-level travel time spent in this place.
 C = Inter-level travel time spent in this place.
 D = Time resting spent in this place.
 E = Time spent auto-exploring this place.
 F = Levels seen in this place.
 G = Mean time per level.
                   A        B        C        D        E       F      G
               +--------+--------+--------+--------+--------+-----+--------+
         Total |  22647 |  21695 |    952 |   2662 |  12698 |  24 |  943.6 |
       Dungeon |  15843 |  15144 |    699 |   2456 |   8436 |  15 | 1056.2 |
        Temple |    143 |    143 |      0 |      0 |     97 |   1 |  143.0 |
          Lair |   5436 |   5184 |    252 |     30 |   3996 |   5 | 1087.2 |
       Ossuary |    248 |    248 |      0 |      0 |      0 |   1 |  248.0 |
      Ice Cave |    629 |    629 |      0 |    176 |    123 |   1 |  629.0 |
       Volcano |    347 |    347 |      0 |      0 |     45 |   1 |  347.0 |
               +--------+--------+--------+--------+--------+-----+--------+

Top non-repeatable levels by time:
    D:11: 1732 daAuts
  Lair:5: 1238 daAuts
    D:15: 1232 daAuts
     D:5: 1181 daAuts
  Lair:2: 1170 daAuts
    D:10: 1162 daAuts
     D:6: 1159 daAuts
     D:4: 1143 daAuts
  Lair:4: 1130 daAuts
     D:9: 1080 daAuts
     D:2: 1064 daAuts
     D:7: 1034 daAuts
     D:8: 1019 daAuts
    D:13: 1007 daAuts
  Lair:1: 956 daAuts
